AoeStats
← Zerbatillo

Marketplace

506972861Analyzed
1v1 RM · 17d ago on Sep 16, 2026· 21m 16s· 2 players
Game mode
Random Map
Map size
Tiny (2 player)
Population
200
Speed
Normal
Resources
Standard
Victory
Conquest
Starting age
Dark Age
Ending age
Imperial Age
RankedLock teamsTeams togetherTeam positionsShared explorationLock speedFull tech treeHidden civsTurbo modeCheats
Victory
Defeat
🇲🇽 Franks · Mexico
898
+42
🇺🇸 Huns · United States
903
-45
Zerbatillo
1:19 Loom
12:37 Feudal Age
14:06 Double-Bit Axe
19:40 Wheelbarrow
19:17 Scale Barding Armor
Call Me Pasta
14:31 Feudal Age
13:30 Loom
15:46 Horse Collar
15:53 Double-Bit Axe
18:39 Bloodlines
Connection lost

Rejoining the realm…

Still unreachable

The connection could not be restored.

Session expired

The server has moved on; the page needs a fresh start.